 Dungeon Crawl Stone Soup version 0.29.1-13-g9f3cf754e1 (webtiles) character file.

Game seed: 7789002848320397698

90 cdecastro the Gusty (level 4, -3/24 HPs)
             Began as a Tengu Air Elementalist on Feb 6, 2023.
             Killed from afar by Natasha (8 damage)
             ... with a magic dart
             ... on level 2 of the Dungeon.
             The game lasted 00:03:19 (2256 turns).

cdecastro the Gusty (Tengu Air Elementalist)        Turns: 2256, Time: 00:03:20

Health: -3/24      AC:  3    Str:  8    XL:     4   Next: 56%
Magic:  1/8        EV: 12    Int: 17    God:
Gold:   53         SH:  0    Dex: 15    Spells: 4/7 levels left

rFire   . . .      SeeInvis .   l - +0 spear (freeze)
rCold   . . .      Faith    .   (no shield)
rNeg    . . .      Spirit   .   j - +1 robe {Will+}
rPois   .          Reflect  .   (helmet restricted)
rElec   .          Harm     .   (no cloak)
rCorr   .          Rampage  .   (no gloves)
Will    +....                   (boots unavailable)
Stlth   ++........              (no amulet)
HPRegen 0.08/turn               (no ring)
MPRegen 0.11/turn               (no ring)

@: no status effects
A: beak, talons 3
a: no special abilities


You were on level 2 of the Dungeon.
You visited 1 branch of the dungeon, and saw 2 of its levels.

You collected 53 gold pieces.

Inventory:

Hand Weapons
 h - a +0 dagger
 l - a +0 spear of freezing (weapon)
Armour
 a - a +0 robe
 j - a +1 robe of willpower (worn)
Jewellery
 d - a ring of wizardry
 k - a +4 ring of protection
Scrolls
 c - a scroll of immolation {unknown}
 e - a scroll of identify {unknown}
 g - 2 scrolls of enchant armour {unknown}
Potions
 b - a potion of magic
 f - a potion of heal wounds {unknown}
 i - a potion of berserk rage {unknown}


   Skills:
 - Level 2.1 Dodging
 - Level 2.0 Stealth
 - Level 2.0 Spellcasting
 - Level 1.3 Conjurations
 + Level 6.9 Air Magic


You had 4 spell levels left.
You knew the following spells:

 Your Spells              Type           Power      Damage    Failure   Level
a - Shock                 Conj/Air       60%        1d6       3%          1
b - Static Discharge      Conj/Air       15%        3-5/arc   5%          2

Your spell library contained the following spells:

 Spells                   Type           Power      Damage    Failure   Level
 Swiftness                Air            25%        N/A       3%          3
 Airstrike                Air            12%        2d(2-18)  11%         4


Dungeon Overview and Level Annotations

Branches:
Dungeon (2/15)

Altars:

Annotations:
D:2 Natasha


Innate Abilities, Weirdness & Mutations

You have a beak for a mouth.
You have claws for feet.


Message History

Casting: Static Discharge (safe; 6% risk of failure)
Confirm with . or Enter, or press ? or * to list all spells.
You miscast Static Discharge.
You are very lightly contaminated with residual magic.
Nothing appears to happen.
Natasha wildly gestures.
You feel troubled. Natasha claws you but does no damage.
Casting: Static Discharge (safe; 6% risk of failure)
Confirm with . or Enter, or press ? or * to list all spells.
Natasha is struck by an arc of lightning!
Natasha is almost dead.
You are struck by an arc of lightning.
The lightning grounds out.
Natasha claws you but does no damage.
Unknown command.
Casting: Static Discharge (safe; 6% risk of failure)
Confirm with . or Enter, or press ? or * to list all spells.
Natasha is struck by an arc of lightning!
You kill Natasha!
Natasha growls in agony!
You are struck by an arc of lightning.
The lightning grounds out.
Unknown command.
Natasha, Servant of Life and Death comes into view.
She is carrying a wand of polymorph (3).
Your magical contamination has completely faded away.
Natasha completely misses you.
You miss Natasha. Your peck misses Natasha. Natasha barely misses you.
You hit Natasha but do no damage. Your kick misses Natasha. Natasha claws you.
* * * LOW HITPOINT WARNING * * *
You hit Natasha but do no damage. You claw Natasha.
Natasha is moderately wounded.
Natasha closely misses you.
You hit Natasha. You freeze Natasha.
Natasha is moderately wounded.
Natasha claws you!
* * * LOW HITPOINT WARNING * * *
You hit Natasha. You freeze Natasha. Your kick misses Natasha.
Natasha is almost dead.
Natasha stares at you and mumbles some strange words.
The magic dart hits you!
You die...

#.................
#.####.##.#### #.#
##.##.# # # #.# #.....#
.## #.# #..#### ... #.#
#..####### #. #.#
#†.†...... # #.#
#.######## #@###.#####
#h........######
###..............###
#...................
#.#......##..#....##
#####.#.............##.#
#.....#...........#.##..
#.######.....##.#...##.#
#.# #...####.##....##


You could see Natasha.

Vanquished Creatures
  Natasha (D:2)
  3 adders (D:2)
  A dart slug (D:2)
  4 endoplasms
  2 giant cockroaches
  6 goblins
  4 hobgoblins
  2 jackals (D:1)
  A kobold (D:1)
  4 ball pythons (D:1)
  4 bats
  2 frilled lizards
  A rat (D:1)
35 creatures vanquished.

Notes
Turn   | Place    | Note
-------+----------+-------------------------------------------
     0 | D:1      | cdecastro the Tengu Air Elementalist began the quest for
                  | the Orb.
     0 | D:1      | Reached XP level 1. HP: 10/10 MP: 4/4
   384 | D:1      | Reached XP level 2. HP: 8/15 MP: 3/6
   721 | D:1      | Reached skill level 5 in Air Magic
   878 | D:1      | Learned a level 2 spell: Static Discharge
  1192 | D:1      | Reached XP level 3. HP: 19/19 MP: 7/7
  1514 | D:2      | Reached skill level 6 in Air Magic
  1720 | D:2      | Reached XP level 4. HP: 9/24 MP: 5/8
  2237 | D:2      | Noticed Natasha
  2244 | D:2      | Killed Natasha
  2248 | D:2      | Noticed Natasha
  2256 | D:2      | Killed from afar by Natasha

Illustrated notes

Levels and vault maps discovered:
D:1:      dpeg_chamrin_arrival_tetris, layout_basic
D:2:      layout_loops_ring, uniq_natasha

Skill      XL: |  1  2  3 |
---------------+----------+-----
Air Magic      | 5 6 |  6.9
Dodging        | |  2.1
Stealth        | |  2.0
Spellcasting   | |  2.0
Conjurations   | |  1.3

Action                   |  1- 3 |  4- 6 || total
-------------------------+-------+-------++-------
Melee: Kick              |     4 |     1 ||     5
       Dagger            |     9 |       ||     9
       Unarmed           |     1 |       ||     1
       Peck              |     2 |     1 ||     3
       Spear             |       |     8 ||     8
 Cast: Shock             |    36 |       ||    36
       Static Discharge  |    10 |     6 ||    16
 Stab: Sleeping          |     4 |     1 ||     5
Armor: Robe              |     4 |     5 ||     9
Dodge: Dodged            |    16 |     5 ||    21
